 Dungeon Crawl Stone Soup version 0.26.1-11-gd32895ea62 (webtiles) character file.

Game seed: 13202798234411974185

291 kodamatunes15 the Ducker (level 6, -2/51 HPs)
             Began as a Ghoul Gladiator on May 19, 2021.
             Slain by a big kobold (5 damage)
             ... in a sewer.
             The game lasted 00:12:38 (2049 turns).

kodamatunes15 the Ducker (Ghoul Gladiator)          Turns: 2049, Time: 00:12:39

Health: -2/51      AC: 10    Str: 18    XL:     6   Next: 32%
Magic:  5/5        EV:  8    Int:  5    God:
Gold:   102        SH:  0    Dex: 10    Spells: 5/5 levels left

rFire    . . .     SeeInvis .   d - +3 dagger (elec)
rCold    + . .     Faith    .   (no shield)
rNeg     + + +     Spirit   .   n - +0 chain mail
rPois    ∞         Reflect  .   b - +0 helmet
rElec    .         Harm     .   (no cloak)
rCorr    .         Rampage  .   (no gloves)
Will     .....                  (no boots)
Stlth    ..........             (no amulet)
HPRegen  0.00/turn              (no ring)
MPRegen  0.09/turn              (no ring)

@: no status effects
A: claws 1, cold resistance 1, negative energy resistance 3, inhibited
regeneration, torment resistance, unbreathing
a: no special abilities


You were in a sewer.
You visited 1 branch of the dungeon, and saw 3 of its levels.
You also visited: Sewer.

You collected 102 gold pieces.

Inventory:

Hand Weapons
 d - a +3 dagger of electrocution (weapon)
Missiles
 c - 3 throwing nets (quivered)
Armour
 b - a +0 helmet (worn)
 g - a +0 scale mail
 n - a +0 chain mail (worn)
Jewellery
 a - an uncursed ring of magical power
 i - a cursed ring of teleportation {unknown}
 k - an uncursed amulet of guardian spirit {unknown}
 m - an uncursed ring of willpower {unknown}
 p - a cursed amulet of inaccuracy {unknown}
Scrolls
 o - a scroll of enchant weapon
Potions
 e - a potion of flight
 f - a potion of resistance {unknown}
 h - a potion of heal wounds {unknown}
 j - 2 potions of attraction {unknown}
 l - a potion of curing {unknown}


   Skills:
 + Level 3.2 Fighting
 + Level 2.6 Short Blades
 + Level 1.9 Throwing
 + Level 2.5 Armour
 + Level 3.9 Dodging
 + Level 0.1 Stealth
 + Level 3.6 Unarmed Combat


You had 5 spell levels left.
You didn't know any spells.
Your spell library was empty.

Dungeon Overview and Level Annotations

Branches:
Dungeon (3/15)              Sewer (1/1)

Altars:
Ashenzari
Cheibriados
Dithmenos
Hepliaklqana
Kikubaaqudgha
Sif Muna
Yredelemnul


Innate Abilities, Weirdness & Mutations

You thrive by killing the living.
You are immune to poison.
You have sharp fingernails.
Your flesh is cold resistant. (rC+)
You are immune to negative energy. (rN+++)
You do not regenerate when monsters are visible.
You are immune to unholy pain and torment.
You can survive without breathing.


Message History

You hit the big kobold but do no damage.
The big kobold hits you.
* * * LOW HITPOINT WARNING * * *
You barely miss the big kobold. The big kobold hits you.
* * * LOW HITPOINT WARNING * * *
You barely miss the big kobold.
The big kobold hits you but does no damage.
You hit the big kobold.
The big kobold is lightly wounded.
You completely miss the big kobold.
The big kobold is lightly wounded.
The big kobold barely misses you.
You completely miss the big kobold.
The big kobold is lightly wounded.
The big kobold hits you but does no damage.
You hit the big kobold but do no damage.
You claw the big kobold.
The big kobold is moderately wounded.
The big kobold hits you.
You die...

##+++##
#########.....##
##≈≈≈≈≈≈#..⌠.⌠..#
#!......'(......+
!.....K@(.⌠._.⌠.+
#!......'.......+
##≈≈≈≈≈≈#...⌠...#
##########().###
#########(###########
#≈≈≈≈≈≈#)..#≈≈≈≈≈≈#≈≈
#≈≈≈≈≈≈.....≈.≈.≈≈≈≈≈
#).....#...#......#≈.
#'#######≈#######'#


You could see a big kobold.

Vanquished Creatures
  A big kobold (Sewer)
  Natasha (D:3)
  An adder (D:3)
  2 river rats (D:3)
  5 shadow imps (Sewer)
  4 ufetubi (Sewer)
  8 oozes
  2 dart slugs
  2 leopard geckos
  An orc (D:3)
  3 giant cockroaches
  7 goblins
  10 hobgoblins
  2 jackals (D:2)
  4 quokkas
  3 bats
  4 frilled lizards
  13 kobolds
  6 rats
79 creatures vanquished.

Notes
Turn   | Place    | Note
-------+----------+-------------------------------------------
     0 | D:1      | kodamatunes15 the Ghoul Gladiator began the quest for the
                  | Orb.
     0 | D:1      | Reached XP level 1. HP: 17/17 MP: 0/0
   154 | D:1      | Reached XP level 2. HP: 15/25 MP: 1/1
   370 | D:1      | Reached XP level 3. HP: 28/30 MP: 2/2
  1351 | D:2      | Found a snail-covered altar of Cheibriados.
  1353 | D:2      | Found a shadowy altar of Dithmenos.
  1353 | D:2      | Found a broken altar of Ashenzari.
  1354 | D:2      | Found a hazy altar of Hepliaklqana.
  1354 | D:2      | Found a basalt altar of Yredelemnul.
  1354 | D:2      | Found a shimmering blue altar of Sif Muna.
  1354 | D:2      | Found an ancient bone altar of Kikubaaqudgha.
  1404 | D:2      | Reached XP level 4. HP: 28/37 MP: 3/3
  1492 | D:3      | Reached skill level 1 in Short Blades
  1763 | D:3      | Noticed Natasha
  1775 | D:3      | Killed Natasha
  1776 | D:3      | Reached skill level 1 in Armour
  1819 | D:3      | Reached XP level 5. HP: 36/42 MP: 4/4
  1833 | D:3      | Found a glowing drain.
  1839 | Sewer    | Entered a sewer
  1942 | Sewer    | Found an ancient bone altar of Kikubaaqudgha.
  1942 | Sewer    | Noticed a big kobold
  1959 | Sewer    | Killed a big kobold
  1960 | Sewer    | Reached XP level 6. HP: 15/51 MP: 5/5
  2049 | Sewer    | Slain by a big kobold

Illustrated notes

Levels and vault maps discovered:
D:1:      saegor_arrival_simple_a, layout_loops_cross, minivault_11,
          minivault_26, minmay_misc_feat_encased
D:2:      layout_loops_corners, grunt_temple_overflow_open
D:3:      layout_basic, lightli_sewer_entry_pipes, roderic_nine_men_s_morris,
          uniq_natasha, uniq_sigmund
Sewer:    kennysheep_sewer_church

Skill      XL: |  1  2  3  4  5 |
---------------+----------------+-----
Dodging        | 3 |  3.9
Short Blades   | 1 2 |  2.6
Armour         | 1 2 |  2.5
Fighting       | 3 |  3.2
Throwing       | |  1.9
Stealth        | |  0.1
Unarmed Combat | |  3.6

Action                   |  1- 3 |  4- 6 || total
-------------------------+-------+-------++-------
Melee: Dagger            |    95 |   120 ||   215
       Unarmed           |     1 |       ||     1
       Punch             |       |     1 ||     1
  Use: Scroll            |     6 |     2 ||     8
Armor: Leather armour    |    18 |       ||    18
       Chain mail        |    14 |   103 ||   117
       Scale mail        |     5 |       ||     5
Dodge: Dodged            |    85 |    73 ||   158
